 Dungeon Crawl Stone Soup version 0.31-a0-1010-g5322dac6a2 (webtiles) character file.

Game seed: 11908901006457083298

84322 Poopy the Spry (level 15, -3/54 HPs)
             Began as a Felid Summoner on Nov 15, 2023.
             Was an Initiate of Gozag.
             Shot with a bolt by a yaktaur (25 damage)
             ... on level 15 of the Dungeon on Nov 16, 2023.
             The game lasted 02:09:24 (39500 turns).

Poopy the Spry (Felid Summoner)                    Turns: 39500, Time: 02:09:25

Health: -3/54      AC:  3    Str:  4    XL:     15   Next: 34%
Magic:  18/30      EV: 33    Int: 29    God:    Gozag
Gold:   1248       SH:  0    Dex: 18    Spells: 22/35 levels left
                                        Lives:  0   Deaths: 5

rFire   . . .        (weapon unavailable)
rCold   + . .        (shield unavailable)
rNeg    . . .        (body armour unavailable)
rPois   +            (helmet unavailable)
rElec   .            (cloak unavailable)
rCorr   .            (gloves unavailable)
SInv    +            (boots unavailable)
Will    ++...        O - amulet of magic regeneration
Stlth   ++           E - +6 ring of intelligence
HPRegen 0.29/turn    o - ring of poison resistance
MPRegen 0.62/turn

%: no passive effects
@: gold aura, quick
A: very small, claws 1, fangs 3, see invisible, speed 1, shaggy fur 3, stealthy
paws, no weapons or thrown items, no armour, multi-lived
a: Renounce Religion, Potion Petition, Call Merchant, Bribe Branch


You were on level 15 of the Dungeon.
You worshipped Gozag.
Gozag was most pleased with you.
You visited 3 branches of the dungeon, and saw 21 of its levels.
You also visited: Ossuary and Bailey.

You collected 6402 gold pieces.
You spent 168 gold pieces at shops.
You paid 4986 gold pieces to Gozag.

Inventory:

Jewellery
 d - the amulet of Lady Luck {Acrobat Str+5}
   (You took it off a centaur warrior on level 12 of the Dungeon)

   [amulet of the acrobat]

   Acrobat:   It increases your evasion while moving and waiting.
   Str+5:     It affects your strength (+5).
 i - a ring of ice
 o - a ring of poison resistance (right paw)
 E - a +6 ring of intelligence (left paw)
 H - a ring of resist corrosion
 I - a ring of flight
 O - an amulet of magic regeneration (around neck)
 R - a +5 ring of evasion
Talismans
 J - a serpent talisman
 M - a maw talisman
Wands
 y - a wand of charming (6)
 D - a wand of roots (6)
 G - a wand of light (9)
 K - a wand of mindburst (8)
 L - a wand of polymorph (4)
 Q - a wand of digging (12)
 S - a wand of flame (5)
Scrolls
 b - 6 scrolls of teleportation
 e - 6 scrolls of enchant armour
 f - 4 scrolls of blinking
 g - a scroll of noise {unknown}
 j - 5 scrolls of fear
 k - 6 scrolls of identify
 n - 7 scrolls of poison
 p - 9 scrolls of amnesia
 s - 2 scrolls of silence {unknown}
 u - 6 scrolls of vulnerability
 v - 2 scrolls of enchant weapon {unknown}
 x - 3 scrolls of immolation
 F - a scroll of revelation {unknown}
 N - a scroll of torment {unknown}
 P - 2 scrolls of fog {unknown}
Potions
 a - a potion of magic
 c - 2 potions of resistance {unknown}
 h - 2 potions of brilliance {unknown}
 l - 2 potions of berserk rage {unknown}
 m - 7 potions of enlightenment
 q - 8 potions of haste
 r - 2 potions of curing
 t - 3 potions of degeneration
 w - 4 potions of mutation
 z - 3 potions of might {unknown}
 A - 2 potions of ambrosia {unknown}
 B - a potion of cancellation {unknown}
 C - 2 potions of attraction
 T - 2 potions of heal wounds
 U - a potion of invisibility {unknown}
 V - a potion of lignification {unknown}


   Skills:
 + Level 20.1 Dodging
 - Level 2.6 Stealth
 + Level 10.6 Spellcasting
 * Level 6.7 Conjurations
 - Level 5.0 Hexes
 - Level 16.0 Summonings
 - Level 10.0 Translocations
 * Level 9.1 Transmutations
 - Level 7.0 Air Magic


You had 22 spell levels left.
You knew the following spells:

 Your Spells              Type           Power      Damage    Failure   Level
a - Summon Small Mammal   Summ           100%       N/A       0%          1
b - Call Imp              Summ           100%       N/A       0%          2
c - Call Canine Familiar  Summ           83%        N/A       0%          3
d - Summon Guardian Gole  Hex/Summ       66%        N/A       1%          3
e - Summon Lightning Spi  Summ/Air       70%        N/A       1%          4

Your spell library contained the following spells:

 Spells                   Type           Power      Damage    Failure   Level
 Magic Dart               Conj           100%       1d8       1%          1
 Cigotuvi's Dreadful Rot  Necr/Pois/Air  58%        N/A       1%          2
 Ensorcelled Hibernation  Hex/Ice        58%        N/A       1%          2
 Passwall                 Tmut/Erth      35%        N/A       1%          2
 Searing Ray              Conj           100%       2d8       1%          2
 Swiftness                Air            54%        N/A       1%          3
 Manifold Assault         Tloc           65%        N/A       1%          4
 Vhi's Electric Charge    Tloc/Air       100%       N/A       1%          4
 Necrotise                Necr           60%        1d7       3%          1
 Fulminant Prism          Conj/Hex       24%        3d12      3%          4
 Arcjolt                  Conj/Air       26%        1d36      6%          5
 Iskenderun's Battlesphe  Conj           53%        2d10      6%          5
 Dispersal                Tloc           32%        N/A       9%          6
 Vampiric Draining        Necr           15%        2d7       11%         3
 Spellforged Servitor     Conj/Summ      34%        N/A       28%         7
 Agony                    Necr           15%        N/A       67%         5
 Borgnjor's Vile Clutch   Necr/Erth      7%         N/A       67%         5
 Haunt                    Necr/Summ      29%        N/A       73%         7
 Bombard                  Conj/Erth      17%        9d4       80%         6
 Disjunction              Tloc           32%        N/A       98%         8
 Death Channel            Necr           7%         N/A       99%         6
 Infestation              Necr           7%         N/A       100%        8
 Maxwell's Capacitive Co  Air            27%        ∞         100%        8
 Animate Dead             Necr           Unusable   N/A       N/A         4

Dungeon Overview and Level Annotations

Branches:
Dungeon (15/15)            Temple (1/1) D:4            Lair (5/5) D:10
  Swamp (0/4) Lair:2       Spider (0/4) Lair:2        Slime (0/5) Lair:5
    Orc (0/2) D:10         Vaults (0/5) D:14         Depths (0/4) D:15
Ossuary (visited)          Bailey (visited)

Altars:
Ashenzari
Cheibriados
Dithmenos
Elyvilon
Fedhas
Gozag
Hepliaklqana
Kikubaaqudgha
Makhleb
Nemelex Xobeh
Okawaru
Qazlal
Ru
Sif Muna
Trog
Uskayaw
Vehumet
Wu Jian
Xom
Yredelemnul
Zin
The Shining One
Jiyva

Shops:
D:3 :   D:9 [   D:13 :***   D:15 *

Annotations:
Temple 2 transporters


Innate Abilities, Weirdness & Mutations

You have sharp claws.
You have razor-sharp teeth.
You have supernaturally acute eyesight. (SInv)
You cover ground quickly. (Speed+)
Your thick and shaggy fur keeps you warm. (AC +3, rC+)
Your paws help you pounce on unaware monsters.
You are incapable of wielding weapons or throwing items.
You cannot wear armour.
You gain extra lives every three experience levels.


Message History

Your guardian golem explodes!
Your warg bites the yaktaur!
The yaktaur unwields a +0 flail.
The yaktaur wields a +1 antimagic arbalest.
The yaktaur shoots a bolt.
The bolt hits you!!
You feel your power leaking away.
A bolt appears from out of your range of vision.
The bolt hits your warg!!
Your warg dies!
Your warg's corpse disappears in a puff of smoke!
The yaktaur shoots a bolt.
The bolt closely misses you.
The yaktaur shoots a bolt.
The bolt completely misses you.
A yaktaur comes into view. It is wielding a +0 arbalest.
Your lightning spire shoots out a bolt of lightning at the yaktaur!
The bolt of electricity hits the yaktaur! x2
The yaktaur shoots a bolt.
The bolt hits your lightning spire!
The yaktaur shoots a bolt.
The bolt misses you.
The yaktaur shoots a bolt.
The bolt hits you!
You feel your power leaking away.
Your lightning spire shoots out a bolt of lightning at the yaktaur!
The bolt of electricity hits the yaktaur!
Your lightning spire shoots out a bolt of lightning at the yaktaur!
The bolt of electricity hits the yaktaur!!
The yaktaur dies!
A bolt appears from out of your range of vision.
The bolt hits your lightning spire!
A bolt appears from out of your range of vision.
The bolt hits your lightning spire!
Your lightning spire shoots out a bolt of lightning at the yaktaur!
The bolt of electricity hits the yaktaur! x2
The bolt of electricity hits your lightning spire.
Your lightning spire completely resists.
The bolt of electricity hits your lightning spire.
Your lightning spire completely resists.
A bolt appears from out of your range of vision.
The bolt hits your lightning spire!
Your lightning spire is destroyed!
Your lightning spire disappears in a puff of smoke!
The yaktaur shoots a bolt.
The bolt hits you!!
You die...
Your body crumbles into a pile of gold.

.... ..... ... ..............
.. ............ ...........
.......... ........ . .....
...
################'#########cc..
................@.....§c.cccc.
.....^.........#......c.§§....
......^........#.....##.......
...............#.....# ......#
...............#.....##......#
..............................
##############################


You could see 2 yaktaurs.

Vanquished Creatures
  A slime creature (D:13)
  A vampire mosquito (Lair:2)
  A boggart (Lair:5)
  A bullfrog (Lair:3)
  A hound (D:7)
  A sleepcap (D:5)
  A mummy (Ossuary)
  An adder (D:2)
  A dart slug (D:2)
  An orc (D:6)
  2 ball pythons (D:2)
  A bat (D:2)
  A giant cockroach (D:4)
  A kobold (D:2)
  A quokka (D:5)
  A frilled lizard (D:2)
  A quokka zombie (Ossuary)
  2 rats
20 creatures vanquished.

Vanquished Creatures (collateral kills)
  Gastronok (Lair:2)
  Nessos (D:13)
  Harold (D:11)
  A great orb of eyes (D:15)
  2 hydras
  2 rakshasas (D:15)
  4 vault guards (D:14)
  4 boulder beetles
  3 centaur warriors
  A tengu warrior (D:13)
  A death knight (D:15)
  5 death yaks
  A goliath frog (Lair:2)
  A pharaoh ant (Lair:2)
  3 skysharks
  3 deep elf pyromancers
  An orc knight (D:14)
  8 ugly things
  An orc sorcerer (D:14)
  2 manticores
  A cyclops (D:15)
  13 elephants
  An unseen horror (shapeshifter) (D:15)
  6 cane toads
  A gargoyle (D:12)
  An unseen horror (D:9)
  3 yaktaurs
  5 kobold demonologists
  A rime drake (Lair:2)
  Maggie (Lair:2)
  A tengu conjurer (D:14)
  8 komodo dragons
  A meliai (D:12)
  7 hornets
  3 polar bears
  8 blink frogs
  A nameless horror (D:6)
  A tarantella (Lair:2)
  12 slime creatures
  A jumping spider (Lair:2)
  8 spriggans
  A wraith (D:12)
  A centaur simulacrum (D:15)
  2 vampires
  4 wyverns
  Eustachio (D:6)
  10 yaks
  A steam dragon (D:9)
  2 basilisks
  9 vampire mosquitoes
  A warg (D:10)
  3 acid dragons
  10 water moccasins
  A sky beast (D:7)
  2 ice beasts (D:6)
  14 orc warriors
  5 black bears
  23 wolves
  3 boggarts (Lair:5)
  11 centaurs
  A phantom (D:5)
  8 kobold brigands
  9 bullfrogs
  2 gnoll sergeants
  3 scorpions
  11 howler monkeys
  4 electric eels
  4 orc priests
  A gnoll bouda (D:9)
  A hound (D:6)
  2 sleepcaps
  3 iguanas
  11 orc wizards
  8 hell rats
  A boggart simulacrum (D:14)
  17 gnolls
  4 adders
  3 shadow imps
  2 white imps
  6 ufetubi
  2 adder zombies (Ossuary)
  25 orcs
  4 endoplasms
  A gnoll zombie (Ossuary)
  8 goblins
  10 hobgoblins
  50 kobolds
  3 quokkas
  5 ball pythons
  2 bats (D:1)
  A frilled lizard (D:2)
  2 goblin zombies (Ossuary)
  3 hobgoblin zombies (Ossuary)
  2 kobold zombies (Ossuary)
  An orc zombie (Ossuary)
  2 quokka zombies (Ossuary)
  2 rats
  4 rat zombies (Ossuary)
  A butterfly (Lair:3)
463 creatures vanquished.

Vanquished Creatures (others)
  A minotaur (Lair:1)
  Snorg (D:14)
  5 boulder beetles
  2 hydras (Lair:5)
  A centaur warrior (D:14)
  A catoblepas (D:14)
  3 two-headed ogres
  The ghost of zikan the Thaumaturge, a journeyman DENe of Kikubaaqudgha (Lair:1)
  4 death yaks
  Sonja (Lair:5)
  A skyshark (Lair:3)
  An orc knight (Bailey)
  3 ugly things
  Joseph (D:9)
  2 elephants
  A black mamba (Lair:3)
  5 cane toads
  An unseen horror (D:12)
  3 gargoyles
  A yaktaur (D:14)
  A kobold demonologist (D:12)
  3 komodo dragons
  2 trolls (D:12)
  2 polar bears
  2 hornets (Lair:5)
  3 blink frogs
  A centaur simulacrum (D:15)
  16 yaks
  A wraith (D:11)
  A shadow (D:11)
  4 spriggans (Lair:5)
  3 wyverns
  A steam dragon (D:7)
  Edmund (D:6)
  An acid dragon (D:11)
  2 water moccasins
  3 wolves
  A bullfrog (Lair:4)
  9 wights (D:7)
  A killer bee (D:7)
  A howler monkey (D:12)
  A gnoll bouda (D:5)
  A hell rat (Lair:4)
  2 mummies (Ossuary)
  3 gnolls (D:5)
  An orc (D:5)
106 creatures vanquished.

Grand Total: 589 creatures vanquished

Notes
Turn   | Place    | Note
-------+----------+-------------------------------------------
     0 | D:1      | Poopy the Felid Summoner began the quest for the Orb.
     0 | D:1      | Reached XP level 1. HP: 7/7 MP: 4/4
  1580 | D:2      | Reached XP level 2. HP: 7/11 MP: 0/6
  1824 | D:2      | Learned a level 2 spell: Call Imp
  1906 | D:2      | Found a faded altar of an unknown god.
  1993 | D:2      | Reached XP level 3. HP: 14/14 MP: 4/7
  2409 | D:2      | Found a hazy altar of Hepliaklqana.
  2428 | D:2      | Reached skill level 5 in Summonings
  2515 | D:2      | Learned a level 3 spell: Call Canine Familiar
  3449 | D:3      | Found Aplioll's Book Shoppe.
  3665 | D:3      | Reached XP level 4. HP: 18/18 MP: 5/9
  4402 | D:4      | Learned a level 3 spell: Summon Guardian Golem
  4721 | D:4      | Found a sacrificial altar of Ru.
  4795 | D:4      | Found a hazy altar of Hepliaklqana.
  5273 | D:4      | Found a staircase to the Ecumenical Temple.
  5319 | D:4      | Reached skill level 1 in Hexes
  5319 | D:4      | Reached XP level 5. HP: 21/21 MP: 4/10
  5718 | Temple   | Found a transporter.
  5718 | Temple   | Found a transporter.
  5718 | Temple   | Found a transporter.
  5718 | Temple   | Found a transporter.
  5718 | Temple   | Entered the Ecumenical Temple
  5734 | Temple   | Became a worshipper of Gozag Ym Sagoz the Greedy
  5770 | D:5      | Entered Level 5 of the Dungeon
  6170 | D:5      | Gained mutation: You are covered in thick fur. (AC +2)
                  | [Felid growth]
  6170 | D:5      | Reached XP level 6. HP: 23/24 MP: 5/12
  6187 | D:5      | Identified the +7 war axe "Alecami" {spect, rC+ Will+
                  | Str-2}
  6210 | D:5      | Slain by a +7 war axe "Alecami" {spect, rC+ Will+ Str-2}
  6890 | D:5      | Learned a level 4 spell: Summon Lightning Spire
  7108 | D:5      | HP: 1/24 [orc priest/divine providence (11)]
  7126 | D:5      | Reached XP level 7. HP: 5/27 MP: 7/14
  7862 | D:5      | Reached skill level 1 in Air Magic
  8548 | D:6      | Found an ancient bone altar of Kikubaaqudgha.
  8715 | D:6      | Reached skill level 5 in Hexes
  8817 | D:6      | Noticed Eustachio
  8820 | D:6      | Noticed a nameless horror
  8983 | D:6      | Reached skill level 3 in Dodging
  8983 | D:6      | Reached XP level 8. HP: 31/31 MP: 8/16
  9056 | D:6      | Noticed Edmund
  9066 | D:6      | Killed Edmund
  9151 | D:6      | Killed Eustachio
  9632 | D:6      | Reached skill level 4 in Dodging
  9632 | D:6      | Reached skill level 5 in Spellcasting
 10158 | D:6      | Killed a nameless horror
 10423 | D:7      | Identified the "Voumap"
 10589 | D:7      | Found a sand-covered staircase.
 10594 | Ossuary  | Entered an ossuary
 11291 | D:7      | Found a shimmering blue altar of Sif Muna.
 11626 | D:7      | Reached skill level 5 in Dodging
 11705 | D:7      | Reached XP level 9. HP: 23/34 MP: 11/18
 12459 | D:7      | Reached skill level 6 in Dodging
 12501 | D:7      | Found a bloodstained altar of Trog.
 13155 | D:8      | Noticed a two-headed ogre
 13182 | D:8      | Killed a two-headed ogre
 13183 | D:8      | Reached skill level 10 in Summonings
 13271 | D:8      | You fall into a shaft and drop 3 floors!
 13324 | D:11     | Noticed a gargoyle
 13361 | D:11     | Killed a gargoyle
 13362 | D:11     | Reached skill level 7 in Dodging
 13384 | D:11     | Reached XP level 10. HP: 34/37 MP: 6/20
 13529 | D:11     | Reached skill level 5 in Air Magic
 13712 | D:11     | Noticed a red ugly thing
 13738 | D:11     | Noticed a two-headed ogre
 13764 | D:11     | Killed a red ugly thing
 13927 | D:11     | Killed a two-headed ogre
 13928 | D:11     | Reached skill level 8 in Dodging
 13981 | D:10     | Entered Level 10 of the Dungeon
 14100 | D:10     | Noticed a two-headed ogre
 14116 | D:10     | Killed a two-headed ogre
 14175 | D:10     | Found a staircase to the Orcish Mines.
 14582 | D:10     | Found a broken altar of Ashenzari.
 14885 | D:10     | Reached skill level 9 in Dodging
 14977 | D:10     | Found a staircase to the Lair.
 15052 | D:9      | Found Neiteutz's Antique Armour Shop.
 15110 | D:9      | Noticed Joseph
 15125 | D:9      | Killed Joseph
 15126 | D:9      | Reached XP level 11. HP: 11/40 MP: 13/23
 15319 | D:9      | Found a flagged portal.
 15328 | Bailey   | Entered a bailey
 15411 | Bailey   | Noticed an orc knight
 15588 | Bailey   | Killed an orc knight
 17078 | D:9      | Reached skill level 10 in Dodging
 17244 | D:9      | Identified the +3 leather armour of Fouj {rN++ Will+ Str+3
                  | Int-5}
 18310 | D:9      | Upgraded the game from 0.31-a0-1009-g454b1f1e0a to
                  | 0.31-a0-1010-g5322dac6a2
 19221 | D:8      | HP: 1/40 [poisoned by a hornet]
 19222 | D:8      | Succumbed to a hornet's poison
 20119 | D:8      | Found a glowing golden altar of the Shining One.
 20576 | Lair:1   | Entered Level 1 of the Lair of Beasts
 20656 | Lair:1   | Noticed a death yak
 20673 | Lair:1   | Noticed a death yak
 20683 | Lair:1   | Killed a death yak
 20685 | Lair:1   | Noticed a death yak
 20687 | Lair:1   | Killed a death yak
 20688 | Lair:1   | Reached skill level 11 in Dodging
 20689 | Lair:1   | Noticed a death yak
 20691 | Lair:1   | Killed a death yak
 20749 | Lair:1   | Noticed a boulder beetle
 20764 | Lair:1   | Mangled by a boulder beetle
 21174 | Lair:1   | Noticed a skyshark
 21175 | Lair:1   | Noticed zikan's ghost (journeyman DENe)
 21220 | Lair:1   | Killed a death yak
 21229 | Lair:1   | Noticed a minotaur
 21284 | Lair:1   | Gained mutation: Your thick and shaggy fur keeps you warm.
                  | (AC +3, rC+) [Felid growth]
 21284 | Lair:1   | Reached XP level 12. HP: 39/44 MP: 20/25
 21351 | Lair:1   | Found a runed translucent gate.
 21351 | Lair:1   | Found a runed translucent gate.
 21351 | Lair:1   | Found a runed translucent gate.
 21478 | Lair:1   | Reached skill level 12 in Dodging
 21943 | Lair:1   | Noticed a boulder beetle
 21953 | Lair:1   | Killed a boulder beetle
 22326 | Lair:1   | Killed a boulder beetle
 22439 | Lair:1   | Killed zikan's ghost
 22440 | Lair:1   | Reached skill level 13 in Dodging
 22768 | Lair:1   | Killed a minotaur
 22885 | Lair:2   | Noticed Maggie
 22895 | Lair:2   | Killed Maggie
 23239 | Lair:2   | Reached skill level 14 in Dodging
 23348 | Lair:2   | Found a transporter.
 23348 | Lair:2   | Noticed a boulder beetle
 23349 | Lair:2   | Found a transporter.
 23430 | Lair:2   | Found a hole to the Spider Nest.
 23434 | Lair:2   | Reached skill level 1 in Translocations
 23441 | Lair:2   | Reached skill level 1 in Transmutations
 23774 | Lair:2   | Noticed Gastronok
 23789 | Lair:2   | Killed Gastronok
 23892 | Lair:2   | Reached skill level 15 in Dodging
 23965 | Lair:2   | Found a staircase to the Swamp.
 24515 | Lair:2   | Killed a boulder beetle
 25058 | D:4      | Identified the +4 arbalest "Zucet" {antimagic, rCorr}
 25280 | Gauntlet | Identified the "Burues"
 25321 | Lair:3   | Reached XP level 13. HP: 47/47 MP: 11/27
 25925 | Lair:3   | Found a hide-covered altar of Uskayaw.
 26098 | Lair:3   | Reached skill level 16 in Dodging
 27397 | Lair:4   | Found a dark tunnel.
 27527 | Lair:4   | Reached skill level 5 in Translocations
 27625 | Lair:4   | Reached skill level 15 in Summonings
 27799 | Lair:4   | You fall into a shaft and drop 1 floor!
 27799 | Lair:5   | Entered Level 5 of the Lair of Beasts
 27857 | Lair:5   | Reached skill level 17 in Dodging
 27877 | Lair:5   | Reached skill level 1 in Conjurations
 27892 | Lair:5   | Found a viscous altar of Jiyva.
 27892 | Lair:5   | Found a staircase to the Slime Pits.
 27940 | Lair:5   | Reached skill level 10 in Spellcasting
 28022 | Lair:5   | Noticed Sonja
 28037 | Lair:5   | Killed Sonja
 28206 | Lair:5   | Reached skill level 18 in Dodging
 28345 | Lair:5   | Found a hide-covered altar of Uskayaw.
 28345 | Lair:5   | Found an ornate altar of the Wu Jian Council.
 28479 | Lair:4   | Reached skill level 5 in Transmutations
 28568 | Lair:4   | Reached XP level 14. HP: 51/51 MP: 24/29
 30150 | Lair:5   | Reached skill level 19 in Dodging
 31307 | D:11     | Noticed Harold
 31320 | D:11     | Killed Harold
 32565 | D:12     | Identified the amulet of Lady Luck {Acrobat Str+5}
 33719 | D:12     | Demolished by a catoblepas
 34963 | D:13     | HP: 1/51 [slime creature (18)]
 35305 | D:13     | Reached skill level 5 in Conjurations
 35697 | D:13     | Noticed Nessos
 35947 | D:13     | Shot with an arrow by Nessos
 36478 | D:13     | Killed Nessos
 36873 | D:14     | Noticed Snorg
 36899 | D:14     | Killed Snorg
 36924 | D:14     | Reached skill level 10 in Translocations
 37976 | D:14     | Reached XP level 15. HP: 54/54 MP: 27/30
 38479 | D:14     | Found a gate to the Vaults.
 38705 | D:15     | Entered Level 15 of the Dungeon
 38734 | D:15     | Reached skill level 20 in Dodging
 39056 | D:15     | Found a staircase to the Depths.
 39088 | D:15     | Found a stormy altar of Qazlal.
 39189 | D:15     | Bought a wand of mindburst (6) for 168 gold pieces
 39500 | D:15     | Shot with a bolt by a yaktaur

Illustrated notes

Levels and vault maps discovered:
D:1:      lemuel_arrival_room, layout_rooms
D:2:      minmay_kobold_bridge, layout_basic,
          hellmonk_ecumenical_altar_heavens_door, basic_altar
D:3:      layout_basic, serial_shops, nicolae_diamond_shop
D:4:      layout_basic, mainiacjoe_overflow_alcove_1,
          mainiacjoe_overflow_24_doors, minmay_temple_entry_large_hall
D:5:      layout_layer_cave
D:6:      layout_basic, kiku_gazebo_garden_becter, uniq_eustachio, uniq_edmund
D:7:      layout_cave_pools, nzn_overflow_gifts_of_might_and_magic,
          nicolae_ossuary_entry_plus, minmay_between
D:8:      layout_basic, tso_metal_star, kennysheep_cross_room
D:9:      layout_stronghold, serial_shops, shop, enter_bailey_2,
          chequers_big_river, fungi_pond_lemuel, uniq_joseph
D:10:     layout_gridville, lemuel_round_altar, lair_entry_dummy, david_orc_3,
          nicolae_the_louvre
D:11:     layout_long_grid, uniq_harold
D:12:     layout_loops_ring, minmay_pinched_square
D:13:     cheibrodos_elevator_heist, layout_stronghold, uniq_nessos
D:14:     layout_long_grid, grunt_vaults_entry_fortified,
          serial_library_hellmonk_open_square, uniq_snorg
D:15:     gammafunk_enter_depths_forms, layout_stronghold, serial_shops, shop,
          minmay_splitting_lines, nicolae_qazlal_eye_of_the_storm
Temple:   hellmonk_temple_divided_pantheon
Lair:1:   layout_roguey, maelrawn_ghost_gauntlet_escape, nzn_sisyphean_effort,
          grunt_megastairs_4, lemuel_fruit_tree
Lair:2:   gammafunk_boulding_lane, layout_regular_city,
          minmay_swamp_entry_swarm, nicolae_spider_entry_lesser_pyramids,
          serial_bayou_pond_a, hellmonk_talismancer,
          infiniplex_staircase_pool_2, uniq_gastronok, uniq_maggie
Lair:3:   layout_layer_cave, basic_altar, gauntlet_entry_generic, minivault_19,
          lemuel_fruit_fields
Lair:4:   layout_regular_city, lightli_volcano_entry_magma_tube,
          grunt_megastairs_5, serial_bayou_shore_b
Lair:5:   minmay_lair_end_enchanted_forest, layout_long_grid, slime_entry_1,
          nzn_masters_of_martial_movement, uniq_sonja

Skill      XL: |  1  2  3  4  5  6  7  8  9 10 11 12 13 14 15 |
---------------+----------------------------------------------+-----
Summonings     | 5 6 7 9 10 11 13 14 15 16 | 16.0
Spellcasting   | 3 4 5 6 7 8 9 10 | 10.6
Hexes          | 1 2 3 5 |  5.0
Air Magic      | 2 3 4 6 7 |  7.0
Dodging        | 3 5 7 9 11 15 18 19 20 | 20.1
Translocations | 3 6 10 | 10.0
Transmutations | 2 5 7 9 |  9.1
Conjurations   | 2 5 6 |  6.7
Stealth        | |  2.6

Action                     |  1- 3 |  4- 6 |  7- 9 | 10-12 | 13-15 || total
---------------------------+-------+-------+-------+-------+-------++-------
  Melee: Unarmed           |    44 |    35 |    72 |    13 |    49 ||   213
         Bite              |     7 |     5 |    12 |       |     7 ||    31
         Punch             |       |       |     2 |     1 |       ||     3
   Cast: Summon Small Mamm |    40 |       |       |       |       ||    40
         Call Imp          |    12 |    28 |    35 |    44 |    83 ||   202
         Call Canine Famil |     4 |    39 |    62 |    78 |   114 ||   297
         Summon Guardian G |       |     8 |    28 |    79 |   127 ||   242
         Summon Lightning  |       |       |     5 |   100 |   189 ||   294
 Invoke: Call Merchant     |       |       |       |       |     5 ||     5
  Evoke: Wand              |       |       |       |     8 |       ||     8
    Use: Potion            |       |     1 |       |     4 |     3 ||     8
         Scroll            |       |       |     2 |     1 |    11 ||    14
   Stab: Distracted        |       |     1 |       |       |     2 ||     3
         Sleeping          |       |       |     1 |       |       ||     1
         Petrified         |       |       |       |       |     1 ||     1
 Armour: Skin              |    15 |    21 |    42 |    74 |    89 ||   241
  Dodge: Dodged            |    55 |    35 |   102 |   125 |   348 ||   665

Table legend: (Time is in decaauts)
 A = Elapsed time spent in this place.
 B = Non-inter-level travel time spent in this place.
 C = Inter-level travel time spent in this place.
 D = Time resting spent in this place.
 E = Time spent auto-exploring this place.
 F = Levels seen in this place.
 G = Mean time per level.
                   A        B        C        D        E       F      G
               +--------+--------+--------+--------+--------+-----+--------+
         Total |  35911 |  34646 |   1265 |  12080 |  13984 |  23 | 1561.3 |
       Dungeon |  25980 |  24911 |   1069 |   9441 |   9803 |  15 | 1732.0 |
        Temple |     26 |     23 |      3 |      0 |      0 |   1 |   26.0 |
          Lair |   8904 |   8711 |    193 |   2322 |   3947 |   5 | 1780.8 |
       Ossuary |    414 |    414 |      0 |    119 |    148 |   1 |  414.0 |
        Bailey |    585 |    585 |      0 |    197 |     85 |   1 |  585.0 |
               +--------+--------+--------+--------+--------+-----+--------+

Top non-repeatable levels by time:
     D:9: 3470 daAuts
     D:5: 2514 daAuts
    D:12: 2379 daAuts
  Lair:1: 2194 daAuts
     D:7: 2173 daAuts
    D:13: 2108 daAuts
  Lair:5: 1931 daAuts
  Lair:2: 1855 daAuts
     D:6: 1758 daAuts
    D:14: 1709 daAuts
     D:2: 1644 daAuts
  Lair:3: 1585 daAuts
     D:1: 1517 daAuts
     D:4: 1442 daAuts
     D:8: 1349 daAuts
